 Dungeon Crawl Stone Soup version 0.30.1-9-gdf580d7c3d (webtiles) character file.

Game seed: 4734627980858751348

23163 Babbit the Severer (level 12, -10/94 (111) HPs)
             Began as a Minotaur Fighter on Oct 1, 2023.
             Was a High Priest of Okawaru.
             Mangled by a minotaur
             ... wielding the +16 obsidian axe {drain, demonic, Mesm Drain Fly SInv}
              (11 damage)
             ... in a Gauntlet on Oct 20, 2023.
             The game lasted 01:03:03 (14272 turns).

Babbit the Severer (Minotaur Fighter)              Turns: 14272, Time: 01:03:04

HP:   -10/94 (111)  AC: 25    Str: 25    XL:     12   Next: 69%
MP:   10/11         EV: 18    Int:  5    God:    Okawaru [*****.]
Gold: 884           SH: 13    Dex: 11    Spells: 11/11 levels left

rFire   + . .        a - +3 war axe (spect)
rCold   . . .        c - +1 buckler
rNeg    . . .        n - +7 chain mail
rPois   .            (helmet restricted)
rElec   .            (no cloak)
rCorr   .            l - +0 pair of gloves
SInv    .            w - +1 pair of boots
Will    .....        k - amulet of reflection
Stlth   +            g - +5 ring of evasion
HPRegen 0.35/turn    t - ring of protection from fire
MPRegen 0.12/turn

%: no teleportation, reflection
@: mighty, heroic, heavily drained
A: horns 2, retaliatory headbutt
a: Renounce Religion, Heroism, Finesse, Duel


You were in a Gauntlet.
You worshipped Okawaru.
Okawaru was extremely pleased with you.
You visited 3 branches of the dungeon, and saw 15 of its levels.
You also visited: Gauntlet.

You collected 1190 gold pieces.
You spent 306 gold pieces at shops.

Inventory:

Hand Weapons
 a - a +3 spectral war axe (weapon)
 D - a +2 dagger of flaming
 K - the +10 great sword of Defiance {flame, rN+}
   (You found it on level 11 of the Dungeon)

   rN:        It protects you from negative energy.
 L - the +4 falchion "Pisybb" {protect, Dex+2 Stlth+}
   (You found it on level 11 of the Dungeon)

   Dex:       It affects your dexterity (+2).
   Stlth:     It makes you more stealthy.
Missiles
 q - 3 javelins (quivered)
Armour
 c - a +1 buckler (worn)
 l - a +0 pair of gloves (worn)
 n - a +7 chain mail (worn)
 w - a +1 pair of boots (worn)
Jewellery
 g - a +5 ring of evasion (left hand)
 k - an amulet of reflection (around neck)
 t - a ring of protection from fire (right hand)
 C - a +5 ring of evasion
 F - a ring of magical power
Wands
 p - a wand of polymorph (8)
 z - a wand of flame (56)
 A - a wand of mindburst (13)
Scrolls
 b - 4 scrolls of fog
 e - 3 scrolls of magic mapping
 f - 4 scrolls of teleportation
 i - 2 scrolls of poison
 j - 2 scrolls of butterflies
 r - 2 scrolls of torment {unknown}
 y - a scroll of amnesia
 E - 2 scrolls of immolation {unknown}
 G - 2 scrolls of fear
 I - 3 scrolls of blinking
Potions
 d - 3 potions of might
 h - a potion of ambrosia {unknown}
 m - 6 potions of curing
 o - 4 potions of resistance
 s - 2 potions of magic
 u - 2 potions of brilliance
 v - a potion of haste
 x - a potion of heal wounds
 B - 3 potions of lignification


   Skills:
 + Level 11.7(16.7) Fighting
 + Level 17.0(22.0) Axes
 + Level 11.8(16.8) Armour
 + Level 5.5(10.5) Dodging
 + Level 2.2(7.2) Stealth
 + Level 9.1(14.1) Shields
 + Level 0.9(5.9) Unarmed Combat
 + Level 0.1 Invocations


You had 11 spell levels left.
You didn't know any spells.
Your spell library contained the following spells:

 Spells                   Type           Power      Damage    Failure   Level
 Sublimation of Blood     Necr           0%         N/A       95%         2
 Wereblood                Tmut           0%         N/A       95%         2
 Dazzling Flash           Conj/Hex       0%         N/A       99%         3
 Gell's Gravitas          Tloc           0%         N/A       99%         3
 Ozocubu's Armour         Ice            0%         N/A       99%         3
 Teleport Other           Tloc           0%         N/A       99%         3
 Vhi's Electric Charge    Tloc/Air       0%         N/A       99%         3
 Volatile Blastmotes      Fire/Tloc      0%         2d10      99%         3
 Anguish                  Hex/Necr       0%         N/A       100%        4
 Cause Fear               Hex            0%         N/A       100%        4
 Iskenderun's Mystic Bla  Conj/Tloc      0%         2d3       100%        4
 Arcjolt                  Conj/Air       0%         1d10      100%        5
 Borgnjor's Vile Clutch   Necr/Erth      0%         N/A       100%        5
 Metabolic Englaciation   Hex/Ice        0%         N/A       100%        5
 Dispersal                Tloc           0%         N/A       100%        6
 Plasma Beam              Fire/Air       0%         2x1d11    100%        6
 Starburst                Conj/Fire      0%         6d3       100%        6
 Enfeeble                 Hex            0%         N/A       100%        7
 Summon Small Mammal      Summ           Unusable   N/A       N/A         1
 Call Canine Familiar     Summ           Unusable   N/A       N/A         3
 Summon Guardian Golem    Hex/Summ       Unusable   N/A       N/A         3
 Animate Dead             Necr           Unusable   N/A       N/A         4
 Death Channel            Necr           Unusable   N/A       N/A         6
 Simulacrum               Ice/Necr       Unusable   N/A       N/A         6
 Summon Hydra             Summ           Unusable   N/A       N/A         7

Dungeon Overview and Level Annotations

Branches:
Dungeon (11/15)            Temple (1/1) D:4            Lair (3/5) D:8
 Shoals (0/4) Lair:2          Orc (0/2) D:10        Gauntlet (1/1)
  Snake: Lair:2-3    Spider: Lair:2-3

Altars:
Ashenzari
Cheibriados
Dithmenos
Elyvilon
Fedhas
Gozag
Hepliaklqana
Kikubaaqudgha
Makhleb
Nemelex Xobeh
Okawaru
Qazlal
Ru
Sif Muna
Trog
Uskayaw
Vehumet
Wu Jian
Xom
Yredelemnul
Zin
The Shining One

Shops:
D:4 ((   D:9 *   D:10 *

Annotations:
Lair:1 2 transporters, exclusion: oklob plant, Wezo's ghost, journeyman GnDe Gauntlet 1 transporter


Innate Abilities, Weirdness & Mutations

You have a pair of horns on your head.
You reflexively headbutt those who attack you in melee.


Message History

Your +3 spectral war axe hits the minotaur but does no damage.
You feel much better.
Your +3 spectral war axe disappears.
The minotaur hits you with the +16 obsidian axe {drain, demonic, Mesm Drain Fly SInv}!
You feel drained. You block the minotaur's attack.
You feel very mighty all of a sudden.
The minotaur hits you with the +16 obsidian axe {drain, demonic, Mesm Drain Fly SInv}!
* * * LOW HITPOINT WARNING * * *
You feel drained.
* * * LOW HITPOINT WARNING * * *
The minotaur completely misses you. The minotaur blocks your attack.
You headbutt the minotaur.
The minotaur is moderately wounded.
The minotaur blocks your +3 spectral war axe's attack.
You block the minotaur's attack.
The minotaur barely misses your +3 spectral war axe.
The minotaur gores you!
* * * LOW HITPOINT WARNING * * *
You slice the minotaur!!
The minotaur is severely wounded.
The minotaur blocks your +3 spectral war axe's attack.
The minotaur hits your +3 spectral war axe with the +16 obsidian axe {drain, demonic, Mesm Drain Fly SInv}!!
Your spectral weapon shares its damage with you!
Your +3 spectral war axe disappears.
The minotaur hits you with the +16 obsidian axe {drain, demonic, Mesm Drain Fly SInv}.
* * * LOW HITPOINT WARNING * * *
You feel drained.
* * * LOW HITPOINT WARNING * * *
The neqoxec shouts!
You strike the helpless minotaur from behind!
You slash the minotaur! You headbutt the minotaur!
The minotaur is almost dead.
You barely miss the neqoxec.
The minotaur blocks your +3 spectral war axe's attack.
Your +3 spectral war axe hits the neqoxec!
The minotaur blocks your +3 spectral war axe's attack.
You block the minotaur's attack.
The minotaur completely misses your +3 spectral war axe.
The minotaur gores you!
You die...

########## #........##
##.##.###..## ....
#8..........##...#
#.....#.#....#...#
#######.#.#.©8.#...#
:8[8.8#...#....#...#
......H@###.©8.#.8.#
[8)8.8#(3.#....#...#
#######.#.#.©8.#...#.#.#
#.....#.#....#...##.#.
#8..........##...#####
##.##.###..##≈........
#........####.8.....8
############.........
#≈...######


You could see a minotaur, a neqoxec (summoned) and a friendly +3 spectral war
axe.

Vanquished Creatures
  Fannar (Lair:2)
  A boulder beetle (Lair:1)
  Nergalle (Lair:2)
  3 sixfirhies (Gauntlet)
  An orc knight (D:10)
  Pikel (D:6)
  A manticore (Lair:1)
  A torpor snail (Lair:1)
  An unseen horror (D:11)
  2 gargoyles
  A cane toad (Lair:1)
  4 komodo dragons
  2 trolls
  A wind drake (Lair:1)
  3 meliai (Gauntlet)
  Grinder (D:3)
  5 blink frogs (Lair:1)
  35 yaks
  3 basilisks
  5 wyverns
  A wraith (D:11)
  3 steam dragons
  2 vampire mosquitoes
  Menkaure (D:5)
  7 water moccasins
  6 orc warriors
  2 ice beasts
  2 sky beasts (D:7)
  2 black bears
  6 wolves (Lair:2)
  2 ogres
  4 centaurs
  A lemure (D:6)
  A phantom (D:6)
  2 kobold brigands
  12 bullfrogs
  5 scorpions
  7 wights (D:9)
  21 killer bees
  3 electric eels (D:9)
  3 howler monkeys
  6 hounds
  2 jellies (D:4)
  A quasit (D:4)
  6 orc priests
  A gnoll bouda (D:6)
  A sleepcap (D:6)
  Jessica (D:3)
  Ijyb (D:3)
  Terence (D:2)
  An iguana (D:6)
  12 orc wizards
  3 gnolls (D:6)
  4 adders
  7 shadow imps
  A white imp (D:8)
  5 ufetubi
  A worm (D:2)
  2 dart slugs
  45 orcs
  5 ball pythons
  2 bats
  6 endoplasms
  4 giant cockroaches
  10 goblins
  13 hobgoblins
  3 jackals (D:2)
  16 kobolds
  4 quokkas
  3 frilled lizards
  7 rats
340 creatures vanquished.

Vanquished Creatures (others)
  3 spectral weapons (Gauntlet)
3 creatures vanquished.

Grand Total: 343 creatures vanquished

Notes
Turn   | Place    | Note
-------+----------+-------------------------------------------
     0 | D:1      | Babbit the Minotaur Fighter began the quest for the Orb.
     0 | D:1      | Reached XP level 1. HP: 19/19 MP: 0/0
   185 | D:1      | Reached XP level 2. HP: 27/27 MP: 1/1
   281 | D:1      | Found a faded altar of an unknown god.
   703 | D:2      | Reached XP level 3. HP: 33/33 MP: 2/2
   798 | D:2      | Reached skill level 3 in Axes
  1124 | D:2      | Noticed Terence
  1134 | D:2      | Killed Terence
  1135 | D:2      | Reached XP level 4. HP: 29/41 MP: 3/3
  1363 | D:3      | Noticed Ijyb
  1374 | D:3      | Killed Ijyb
  1375 | D:3      | Reached skill level 4 in Axes
  1375 | D:3      | Reached skill level 1 in Dodging
  1535 | D:3      | Noticed Grinder
  1536 | D:3      | Paralysed by Grinder for 5 turns
  1558 | D:3      | Paralysed by Grinder for 2 turns
  1562 | D:3      | Killed Grinder
  1563 | D:3      | Reached skill level 5 in Axes
  1563 | D:3      | Reached XP level 5. HP: 16/47 MP: 4/4
  1563 | D:3      | Reached XP level 6. HP: 19/55 MP: 5/5
  1731 | D:3      | Noticed Jessica
  1735 | D:3      | Killed Jessica
  1841 | D:3      | Reached skill level 5 in Armour
  2171 | D:4      | Reached skill level 5 in Fighting
  2207 | D:4      | Found Venkimnuti's Firing Range.
  2257 | D:4      | Found Ahehisuv's Antique Weapon Shoppe.
  2265 | D:4      | Found a blossoming altar of Fedhas.
  2265 | D:4      | Found an ancient bone altar of Kikubaaqudgha.
  2297 | D:4      | Found a staircase to the Ecumenical Temple.
  2306 | Temple   | Entered the Ecumenical Temple
  2518 | D:4      | Reached skill level 6 in Axes
  2531 | D:4      | Reached XP level 7. HP: 56/61 MP: 6/6
  2919 | D:4      | Found a glowing silver altar of Zin.
  2929 | D:4      | Found a white marble altar of Elyvilon.
  2931 | D:4      | Found a glowing golden altar of the Shining One.
  2990 | D:5      | Entered Level 5 of the Dungeon
  3009 | D:5      | Noticed Menkaure
  3119 | D:5      | Killed Menkaure
  3120 | D:5      | Reached skill level 7 in Axes
  3437 | D:5      | Identified the +1 robe of Forking Paths {rCorr Str+5}
  3561 | D:5      | Reached skill level 1 in Stealth
  3561 | D:5      | Reached XP level 8. HP: 57/69 MP: 7/7
  3965 | D:6      | Reached skill level 5 in Shields
  3968 | D:6      | Reached skill level 8 in Axes
  4200 | D:6      | Noticed Pikel
  4220 | D:6      | Killed Pikel
  4221 | D:6      | Reached skill level 9 in Axes
  4221 | D:6      | Reached XP level 9. HP: 52/78 MP: 8/8
  4778 | D:6      | Reached skill level 10 in Axes
  5306 | D:7      | Found a sacrificial altar of Ru.
  5412 | D:7      | Reached skill level 11 in Axes
  5460 | D:7      | Noticed a gargoyle
  5467 | D:7      | Killed a gargoyle
  5843 | D:7      | Reached XP level 10. HP: 69/88 MP: 9/9
  5992 | D:7      | Reached skill level 12 in Axes
  6689 | D:8      | You fall into a shaft and drop 2 floors!
  6689 | D:10     | Entered Level 10 of the Dungeon
  6690 | D:10     | Noticed an orc knight
  6691 | D:10     | Found a staircase to the Orcish Mines.
  6847 | D:9      | Reached skill level 13 in Axes
  7563 | D:9      | Reached XP level 11. HP: 47/96 MP: 10/10
  7744 | D:9      | Found Moej's Lightly-Used Armoury.
  7874 | D:9      | Reached skill level 14 in Axes
  8371 | D:8      | Found a broken altar of Ashenzari.
  8371 | D:8      | Found a radiant altar of Vehumet.
  8373 | D:8      | Found an iron altar of Okawaru.
  8374 | D:8      | Found a snail-covered altar of Cheibriados.
  8374 | D:8      | Found an opulent altar of Gozag.
  8374 | D:8      | Found a shimmering altar of Xom.
  8376 | D:8      | Found a shimmering blue altar of Sif Muna.
  8376 | D:8      | Found a shadowy altar of Dithmenos.
  8376 | D:8      | Found a basalt altar of Yredelemnul.
  8380 | D:8      | Became a worshipper of Warmaster Okawaru
  8792 | D:8      | Found a staircase to the Lair.
  8878 | D:8      | Found a hazy altar of Hepliaklqana.
  9187 | D:10     | Killed an orc knight
  9188 | D:10     | Reached skill level 10 in Armour
  9221 | D:10     | Reached * piety under Okawaru
  9382 | D:10     | Found Doikkiurph's Assorted Antiques.
  9394 | D:10     | Bought a steaming scale mail for 306 gold pieces
  9394 | D:10     | Identified the +3 scale mail "Hudwihenn" {rF- rCorr Int+3}
                  | (You bought it in a shop on level 10 of the Dungeon)
 10057 | D:11     | Found a sparkling altar of Nemelex Xobeh.
 10379 | D:11     | Reached ** piety under Okawaru
 10677 | D:11     | Identified the +10 great sword of Defiance {flame, rN+}
 10732 | D:11     | Identified the +4 falchion "Pisybb" {protect, Dex+2 Stlth+}
 11339 | Lair:1   | Entered Level 1 of the Lair of Beasts
 11442 | Lair:1   | Found a transporter.
 11442 | Lair:1   | Noticed an oklob plant
 11504 | Lair:1   | Reached skill level 10 in Fighting
 11522 | Lair:1   | Reached skill level 15 in Axes
 11597 | Lair:1   | Noticed a boulder beetle
 11616 | Lair:1   | Killed a boulder beetle
 11616 | Lair:1   | Reached *** piety under Okawaru
 11882 | Lair:1   | Found a transporter.
 11885 | Lair:1   | Noticed Wezo's ghost (journeyman GnDe)
 12333 | Lair:1   | Reached **** piety under Okawaru
 12334 | Lair:1   | Reached XP level 12. HP: 93/108 MP: 11/11
 12521 | Lair:2   | Found a staircase to the Shoals.
 12538 | Lair:1   | Received a gift from Okawaru
 12712 | Lair:2   | Reached skill level 16 in Axes
 12714 | Lair:2   | Reached skill level 5 in Dodging
 12910 | Lair:2   | Noticed Fannar
 12927 | Lair:2   | Killed Fannar
 13369 | Lair:2   | Noticed Nergalle
 13377 | Lair:2   | Killed Nergalle
 13377 | Lair:2   | Reached ***** piety under Okawaru
 13983 | Lair:3   | Found a gate leading to a gauntlet.
 13989 | Gauntlet | Entered a Gauntlet
 13989 | Gauntlet | Found a transporter.
 14001 | Gauntlet | Found a transporter.
 14016 | Gauntlet | Found a transporter.
 14020 | Gauntlet | Found a transporter.
 14049 | Gauntlet | Reached skill level 17 in Axes
 14087 | Gauntlet | Found a transporter.
 14262 | Gauntlet | Identified the +0 ring mail of Voetsounnau {rF+ rC++ Str+2
                  | Dex-2}
 14262 | Gauntlet | Noticed a minotaur
 14271 | Gauntlet | HP: 1/94 [minotaur/the +16 obsidian axe {drain, demonic,
                  | Mesm Drain Fly SInv} (6)]
 14272 | Gauntlet | Mangled by a minotaur

Illustrated notes

Levels and vault maps discovered:
D:1:      eino_arrival_cavern_b, layout_rooms,
          shapermc_ecumenical_altar_totnotflames
D:2:      cheibrodos_greedy_goblins, layout_basic, minmay_tiny_reverse_x,
          uniq_terence
D:3:      layout_loops_ring, minivault_26, minmay_statues_item, uniq_ijyb,
          uniq_grinder, uniq_jessica
D:4:      layout_cave_pools, grunt_temple_overflow_growth_and_decay,
          dreamdust_divine_triumvirate, minmay_temple_entry_wispy,
          serial_demonic, serial_demonic_b, serial_demonic_g, serial_demonic_e,
          serial_demonic_e, serial_demonic_c, serial_demonic_g,
          serial_demonic_b, serial_shops, shop_statue, grunt_ministairs_1,
          nicolae_shop_firing_range
D:5:      layout_basic, nicolae_fountain_basement, uniq_menkaure
D:6:      layout_rooms, palyth_stone_intersect, dreamdust_mushroom_princess,
          nicolae_benzene_ring, minmay_misc_feat_doors, wad_rectangle_vault,
          uniq_pikel
D:7:      hangedman_cross_stitches, layout_basic, nicolae_ru_awakened_eye,
          enter_bailey_3
D:8:      layout_layer_cave, nicolae_overflows_in_rows, kennysheep_mini,
          david_lair_shrubbed
D:9:      nicolae_moon_pools, layout_cave_pods, minmay_shop_damaged,
          amcnicky_mini_pool_small, minmay_variable_closet
D:10:     layout_irregular_city, orc_david_3, serial_shops, shop
D:11:     layout_stronghold, nemelex_xobeh_ov_fountains_minmay
Temple:   nicolae_temple_bog_church
Lair:1:   layout_cave_pods, gammafunk_ghost_arena
Lair:2:   layout_hall_layers, minmay_shoals_entry_beasts, uniq_nergalle,
          uniq_fannar
Lair:3:   layout_loops_ring, minmay_snake_entry_guardpost_large,
          gauntlet_entry_generic
Gauntlet: minmay_gauntlet_mixed_oops_all_seconds
          [minmay_gauntlet_arena_77_p_blocks, nicolae_gauntlet_arena_grate_2,
          minmay_gauntlet_arena_77_broken_ladder, gammafunk_gauntlet_arena_grid,
          minmay_gauntlet_arena_77_checkered, gammafunk_gauntlet_arena_corners,
          nicolae_gauntlet_exit_dead_adventurers]

Skill      XL: |  1  2  3  4  5  6  7  8  9 10 11 12 |
---------------+-------------------------------------+-----
Fighting       | 4 5 6 7 9 10 11 | 11.7
Armour         | 4 5 6 7 8 9 11 | 11.8
Shields        | 4 5 6 7 8 9 |  9.1
Axes           | 3 5 6 7 9 11 13 15 17 | 17.0
Dodging        | 1 2 3 4 5 |  5.5
Stealth        | 1 2 |  2.2
Unarmed Combat | |  0.9
Invocations    | |  0.1

Action                     |  1- 3 |  4- 6 |  7- 9 | 10-12 || total
---------------------------+-------+-------+-------+-------++-------
  Melee: War axe           |    82 |    66 |   279 |   543 ||   970
         Headbutt          |    18 |    16 |    37 |   121 ||   192
         Unarmed           |       |    13 |       |       ||    13
  Throw: Throwing net      |       |       |       |     1 ||     1
         Boomerang         |       |       |       |     2 ||     2
 Invoke: Heroism           |       |       |       |     3 ||     3
    Use: Scroll            |       |       |     5 |    25 ||    30
         Potion            |       |       |       |     5 ||     5
   Stab: Distracted        |       |       |       |     1 ||     1
 Armour: Scale mail        |    29 |       |       |       ||    29
         Chain mail        |       |    57 |   125 |   204 ||   386
         Skin              |       |     2 |       |       ||     2
  Dodge: Dodged            |    50 |    71 |   213 |   345 ||   679
  Block: Buckler           |    14 |    24 |    64 |   172 ||   274
